A+ - U26
PITTSBURG DIAMONDS @ LANCASTER JETHAWKS
06/29/2052
 
TOP OF THE 1ST
Lancaster JetHawks batting - Pitching for Visalia Rawhide : LHP Félix Ruiz
Pitching: LHP Félix Ruiz
Batting: RHB Joe Deshane 0-0: Swinging Strike
0-1: Ball
1-1: Ball
2-1: DOUBLE (Flyball, 8RXD, EV 88.1 MPH)
Batting: RHB Milo Blackburn 0-0: Foul Ball, location: 2F
0-1: Ball
1-1: Ball
2-1: DOUBLE (Line Drive, 5D, EV 100.0 MPH)
Joe Deshane scores
Batting: LHB Dennie Knapp 0-0: Ball
1-0: Ball
2-0: Foul Ball, location: 2F
2-1: Foul Ball, location: 2F
2-2: Foul Ball, location: 2F
2-2: Foul Ball, location: 2F
2-2: DOUBLE (Line Drive, 78XD, EV 107.5 MPH)
Milo Blackburn scores
Batting: RHB Tucker Gregory 0-0: Called Strike
0-1: Ball
1-1: Fly out, F8 (Flyball, 8RXD, EV 95.6 MPH)
Runner from 2nd tags up, SAFE at 3rd, no throw by CF
Batting: SHB Jun Carvajal 0-0: Ball
1-0: Foul Ball, location: 2F
1-1: SINGLE (Line Drive, 7LS, EV 90.0 MPH)
Dennie Knapp scores
Batting: RHB Logan Johnson 0-0: Ball
1-0: Foul Ball, location: 2F
1-1: Foul Ball, location: 2F
1-2: Ball
2-2: Ball
3-2: Strikes out swinging
Batting: RHB Sean Roark 0-0: Ball
1-0: Ball
2-0: Swinging Strike
2-1: Swinging Strike
2-2: Foul Ball, location: 2F
2-2: Strikes out looking
Top of the 1st over - 3 runs, 4 hits, 0 errors, 1 left on base; Lancaster 3 - Visalia 0
BOTTOM OF THE 1ST
Visalia Rawhide batting - Pitching for Lancaster JetHawks : LHP Romo Fraire
Pitching: LHP Romo Fraire
Batting: RHB Cory Dart 0-0: Ball
1-0: Foul Ball, location: 2F
1-1: Fly out, F9 (Flyball, 9LS, EV 86.9 MPH)
Batting: LHB Ashton Flower 0-0: Called Strike
0-1: Foul Ball, location: 2F
0-2: Ball
1-2: Ball
2-2: Ball
3-2: SINGLE (Line Drive, 89S, EV 106.2 MPH)
Batting: LHB Cole Rickman 0-0: Ball
1-0: SINGLE (Groundball, 34D, EV 98.1 MPH)
Ashton Flower to second
Runner from 2nd tries for 3rd, SAFE, throw by RF made to third
Batting: RHB Murphy Chacon 0-0: Ball
1-0: Called Strike
1-1: SINGLE (Line Drive, 9S, EV 104.4 MPH)
Ashton Flower scores
Cole Rickman to second
Batting: LHB Lukas Boler 0-0: Ball
1-0: Foul Ball, location: 2F
1-1: Fielders Choice at 2nd, 3-6 (Groundball, 34S, EV 85.0 MPH)
Cole Rickman to third
Batting: RHB Daniel Franzen 0-0: Ball
1-0: Ball
2-0: Ball
3-0: Fly out, F6 (Popup, 6M, EV 65.0 MPH)
Bottom of the 1st over - 1 run, 3 hits, 0 errors, 2 left on base; Lancaster 3 - Visalia 1
TOP OF THE 2ND
Lancaster JetHawks batting - Pitching for Visalia Rawhide : LHP Félix Ruiz
Batting: RHB Cuauhtémoc Morin 0-0: Ball
1-0: Ball
2-0: Ground out 6-3 (Groundball, 6, EV 103.1 MPH)
Batting: LHB Willie Bonilla 0-0: Ball
1-0: Called Strike
1-1: DOUBLE (Flyball, 78XD, EV 102.5 MPH)
Batting: RHB Joe Deshane 0-0: Foul Ball, location: 2F
0-1: Ball
1-1: Ball
2-1: Ball
3-1: Foul Ball, location: 2F
3-2: Ground out 6-3 (Groundball, 6M, EV 98.8 MPH)
Willie Bonilla to third
Batting: RHB Milo Blackburn 0-0: Foul Ball, location: 2F
0-1: DOUBLE (Line Drive, 78XD, EV 113.1 MPH)
Willie Bonilla scores
Batting: LHB Dennie Knapp 0-0: Ball
1-0: Foul Ball, location: 2F
1-1: Ball
2-1: Ball
3-1: SINGLE (Popup, 6D, EV 61.2 MPH)
Milo Blackburn to third
Runner from 3rd tries for Home, SAFE, throw by SS to home
Batting: RHB Tucker Gregory 0-0: Ball
1-0: Called Strike
1-1: Swinging Strike
1-2: Foul Ball, location: 2F
1-2: Strikes out swinging
Top of the 2nd over - 2 runs, 3 hits, 0 errors, 1 left on base; Lancaster 5 - Visalia 1
BOTTOM OF THE 2ND
Visalia Rawhide batting - Pitching for Lancaster JetHawks : LHP Romo Fraire
Batting: RHB Dennis Hajjar 0-0: Called Strike
0-1: Fly out, F7 (Line Drive, 7, EV 96.9 MPH)
Batting: RHB Jon Singwee 0-0: Called Strike
0-1: DOUBLE (Line Drive, 9LD, EV 111.9 MPH)
Batting: LHB Landon Berrey 0-0: Called Strike
0-1: Ball
1-1: Ball
2-1: Foul Ball, location: 2F
2-2: Strikes out looking
Batting: RHB Cory Dart 0-0: Ball
1-0: Called Strike
1-1: Swinging Strike
1-2: Ground out 4-3 (Groundball, 4, EV 87.5 MPH)
Bottom of the 2nd over - 0 runs, 1 hit, 0 errors, 1 left on base; Lancaster 5 - Visalia 1
TOP OF THE 3RD
Lancaster JetHawks batting - Pitching for Visalia Rawhide : LHP Félix Ruiz
Batting: SHB Jun Carvajal 0-0: Called Strike
0-1: SOLO HOME RUN (Flyball, 78XD, EV 115.6 MPH), Distance : 428 ft
Pitching: LHP Woody Biddiscomb
Batting: RHB Logan Johnson 0-0: Foul Ball, location: 2F
0-1: Ball
1-1: Called Strike
1-2: Strikes out swinging
Batting: RHB Sean Roark 0-0: Called Strike
0-1: Ball
1-1: Fly out, F7 (Flyball, 78M, EV 96.2 MPH)
Batting: RHB Cuauhtémoc Morin 0-0: Swinging Strike
0-1: Fly out, F7 (Line Drive, 7D, EV 85.6 MPH)
Top of the 3rd over - 1 run, 1 hit, 0 errors, 0 left on base; Lancaster 6 - Visalia 1
BOTTOM OF THE 3RD
Visalia Rawhide batting - Pitching for Lancaster JetHawks : LHP Romo Fraire
Batting: LHB Ashton Flower 0-0: Ball
1-0: Ground out 4-3 (Groundball, 4D, EV 107.5 MPH)
Batting: LHB Cole Rickman 0-0: Ball
1-0: Ground out U3 (Groundball, 34, EV 92.5 MPH)
Batting: RHB Murphy Chacon 0-0: Called Strike
0-1: Ball
1-1: Fly out, F9 (Flyball, 9S, EV 95.0 MPH)
Bottom of the 3rd over - 0 runs, 0 hits, 0 errors, 0 left on base; Lancaster 6 - Visalia 1
TOP OF THE 4TH
Lancaster JetHawks batting - Pitching for Visalia Rawhide : LHP Woody Biddiscomb
Batting: LHB Willie Bonilla 0-0: Ball
1-0: Ball
2-0: Swinging Strike
2-1: Called Strike
2-2: Strikes out swinging
Batting: RHB Joe Deshane 0-0: Called Strike
0-1: Ground out 6-3 (Groundball, 6, EV 80.6 MPH)
Batting: RHB Milo Blackburn 0-0: Ground out 5-3 (Groundball, 56, EV 84.4 MPH)
Top of the 4th over - 0 runs, 0 hits, 0 errors, 0 left on base; Lancaster 6 - Visalia 1
BOTTOM OF THE 4TH
Visalia Rawhide batting - Pitching for Lancaster JetHawks : LHP Romo Fraire
Batting: LHB Lukas Boler 0-0: Ball
1-0: Ground out 6-3 (Groundball, 6, EV 105.6 MPH)
Batting: RHB Daniel Franzen 0-0: Ball
1-0: Ball
2-0: Called Strike
2-1: Ground out 5-3 (Groundball, 5, EV 84.4 MPH)
Batting: RHB Dennis Hajjar 0-0: Ball
1-0: Ball
2-0: Ground out 6-3 (Groundball, 6, EV 104.4 MPH)
Bottom of the 4th over - 0 runs, 0 hits, 0 errors, 0 left on base; Lancaster 6 - Visalia 1
TOP OF THE 5TH
Lancaster JetHawks batting - Pitching for Visalia Rawhide : LHP Woody Biddiscomb
Batting: LHB Dennie Knapp 0-0: Called Strike
0-1: Swinging Strike
0-2: Foul Ball, location: 2F
0-2: Fly out, F7 (Flyball, 7D, EV 94.4 MPH)
Batting: RHB Tucker Gregory 0-0: Swinging Strike
0-1: Called Strike
0-2: Ball
1-2: Foul Ball, location: 2F
1-2: Ball
2-2: Foul Ball, location: 2F
2-2: Strikes out swinging, 2-3 out at first.
Batting: SHB Jun Carvajal 0-0: Ball
1-0: Foul Ball, location: 2F
1-1: Ball
2-1: Ball
3-1: Base on Balls
Batting: RHB Logan Johnson 0-0: Swinging Strike
0-1: Ball
1-1: Ball
2-1: Foul Ball, location: 2F
2-2: 2-RUN HOME RUN (Flyball, 9D, EV 96.9 MPH), Distance : 373 ft
Pitching: RHP Owen Meyers
Batting: RHB Sean Roark 0-0: Called Strike
0-1: Ball
1-1: Ball
2-1: Ball
3-1: Called Strike
3-2: Base on Balls
Batting: RHB Cuauhtémoc Morin 0-0: Foul Ball, location: 2F
0-1: Called Strike
0-2: Fly out, F9 (Line Drive, 9, EV 93.8 MPH)
Top of the 5th over - 2 runs, 1 hit, 0 errors, 1 left on base; Lancaster 8 - Visalia 1
BOTTOM OF THE 5TH
Visalia Rawhide batting - Pitching for Lancaster JetHawks : LHP Romo Fraire
Batting: RHB Jon Singwee 0-0: Hit by Pitch
Batting: LHB Landon Berrey 0-0: Ball
1-0: Ball
2-0: Fly out, F2 (Popup, 25F, EV 78.1 MPH)
Batting: RHB Cory Dart 0-0: Ball
1-0: Called Strike
1-1: Fly out, F9 (Flyball, 89M, EV 94.4 MPH)
Batting: LHB Ashton Flower 0-0: Foul Ball, location: 2F
0-1: Ball
1-1: Swinging Strike
1-2: Ball
2-2: Strikes out swinging
Bottom of the 5th over - 0 runs, 0 hits, 0 errors, 1 left on base; Lancaster 8 - Visalia 1
TOP OF THE 6TH
Lancaster JetHawks batting - Pitching for Visalia Rawhide : RHP Owen Meyers
Batting: LHB Willie Bonilla 0-0: Called Strike
0-1: Ground out 4-3 (Groundball, 4, EV 92.5 MPH)
Batting: RHB Joe Deshane 0-0: Ball
1-0: Called Strike
1-1: Ball
2-1: Foul Ball, location: 2F
2-2: Fly out, F8 (Flyball, 8RXD, EV 101.9 MPH)
Batting: RHB Milo Blackburn 0-0: Ground out 6-3 (Groundball, 6, EV 85.6 MPH)
Top of the 6th over - 0 runs, 0 hits, 0 errors, 0 left on base; Lancaster 8 - Visalia 1
BOTTOM OF THE 6TH
Visalia Rawhide batting - Pitching for Lancaster JetHawks : LHP Romo Fraire
Batting: LHB Cole Rickman 0-0: SINGLE (Groundball, 4D, EV 98.1 MPH)
Batting: RHB Murphy Chacon 0-0: Called Strike
0-1: Foul Ball, location: 2F
0-2: Ball
1-2: Ball
2-2: Foul Ball, location: 2F
2-2: Ball
3-2: Base on Balls
Cole Rickman to second
Batting: LHB Lukas Boler 0-0: Ball
1-0: Foul Ball, location: 2F
1-1: Ball
2-1: Foul Ball, location: 2F
2-2: Fielders Choice at 2nd, 6-4 (Groundball, 6, EV 80.6 MPH)
Cole Rickman to third
Batting: RHB Daniel Franzen 0-0: Called Strike
0-1: Called Strike
0-2: Ball
1-2: Ball
2-2: Strikes out swinging
Batting: RHB Dennis Hajjar 0-0: Swinging Strike
0-1: Ball
1-1: Ball
2-1: Ball
3-1: Called Strike
3-2: Foul Ball, location: 2F
3-2: Foul Ball, location: 2F
3-2: Base on Balls
Lukas Boler to second
Pitching: RHP Eddie Julien
Batting: RHB Jon Singwee 0-0: Ball
1-0: Ball
2-0: Called Strike
2-1: Swinging Strike
2-2: Ball
3-2: Base on Balls
Cole Rickman scores
Lukas Boler to third
Dennis Hajjar to second
Batting: LHB Landon Berrey 0-0: Ball
1-0: Ground out 4-3 (Groundball, 4, EV 82.5 MPH)
Bottom of the 6th over - 1 run, 1 hit, 0 errors, 3 left on base; Lancaster 8 - Visalia 2
TOP OF THE 7TH
Lancaster JetHawks batting - Pitching for Visalia Rawhide : RHP Owen Meyers
Batting: LHB Dennie Knapp 0-0: Called Strike
0-1: Foul Ball, location: 2F
0-2: Ball
1-2: Strikes out swinging
Batting: RHB Tucker Gregory 0-0: Ball
1-0: Swinging Strike
1-1: Ball
2-1: DOUBLE (Flyball, 89XD, EV 99.4 MPH)
Batting: SHB Jun Carvajal 0-0: Called Strike
0-1: Ground out U3 (Groundball, 3, EV 85.0 MPH)
Tucker Gregory to third
Batting: RHB Logan Johnson 0-0: Ball
1-0: Foul Ball, location: 2F
1-1: Fly out, F7 (Flyball, 7, EV 82.5 MPH)
Top of the 7th over - 0 runs, 1 hit, 0 errors, 1 left on base; Lancaster 8 - Visalia 2
BOTTOM OF THE 7TH
Visalia Rawhide batting - Pitching for Lancaster JetHawks : RHP Eddie Julien
Batting: RHB Cory Dart 0-0: Fly out, F3 (Line Drive, 3, EV 71.2 MPH)
Batting: LHB Ashton Flower 0-0: Fly out, F9 (Line Drive, 9, EV 96.2 MPH)
Batting: LHB Cole Rickman 0-0: Ball
1-0: Ball
2-0: Foul Ball, location: 2F
2-1: Foul Ball, location: 2F
2-2: Ball
3-2: Foul Ball, location: 2F
3-2: Base on Balls
Batting: RHB Murphy Chacon 0-0: Ball
1-0: Fielders Choice at 2nd, 6-4 (Groundball, 6, EV 84.4 MPH)
Bottom of the 7th over - 0 runs, 0 hits, 0 errors, 1 left on base; Lancaster 8 - Visalia 2
TOP OF THE 8TH
Lancaster JetHawks batting - Pitching for Visalia Rawhide : RHP Owen Meyers
Batting: RHB Sean Roark 0-0: Ball
1-0: Ball
2-0: Ball
3-0: Called Strike
3-1: Ground out 4-3 (Groundball, 4MD, EV 101.2 MPH)
Batting: RHB Cuauhtémoc Morin 0-0: Called Strike
0-1: Ball
1-1: Foul Ball, location: 2F
1-2: Ball
2-2: Strikes out looking
Batting: LHB Willie Bonilla 0-0: Called Strike
0-1: Called Strike
0-2: Ball
1-2: Strikes out swinging
Top of the 8th over - 0 runs, 0 hits, 0 errors, 0 left on base; Lancaster 8 - Visalia 2
BOTTOM OF THE 8TH
Visalia Rawhide batting - Pitching for Lancaster JetHawks : RHP Eddie Julien
Batting: LHB Lukas Boler 0-0: Called Strike
0-1: Swinging Strike
0-2: Ball
1-2: Foul Ball, location: 2F
1-2: Ball
2-2: Ball
3-2: Foul Ball, location: 2F
3-2: Strikes out swinging
Batting: RHB Daniel Franzen 0-0: Called Strike
0-1: Ball
1-1: Ground out 5-3 (Groundball, 56, EV 79.4 MPH)
Batting: RHB Dennis Hajjar 0-0: Called Strike
0-1: SINGLE (Groundball, 4M, EV 105.0 MPH) (infield hit)
Batting: RHB Jon Singwee 0-0: Swinging Strike
0-1: Ball
1-1: Ball
2-1: Fielders Choice at 2nd, U6 (Groundball, 6M, EV 82.5 MPH)
Bottom of the 8th over - 0 runs, 1 hit, 0 errors, 1 left on base; Lancaster 8 - Visalia 2
TOP OF THE 9TH
Lancaster JetHawks batting - Pitching for Visalia Rawhide : RHP Owen Meyers
Pitching: RHP Santiago Rojas
Batting: RHB Joe Deshane 0-0: Called Strike
0-1: Ball
1-1: Ground out 5-3 (Groundball, 56, EV 103.1 MPH)
Batting: RHB Milo Blackburn 0-0: Ball
1-0: Called Strike
1-1: Ball
2-1: Foul Ball, location: 2F
2-2: Foul Ball, location: 2F
2-2: Ball
3-2: Base on Balls
Batting: LHB Dennie Knapp 0-0: Ball
1-0: Grounds out, U3 (Groundball, 3L, EV 89.4 MPH)
Batting: RHB Tucker Gregory 0-0: Called Strike
0-1: SINGLE (Groundball, 56D, EV 105.0 MPH)
Milo Blackburn to third
Runner from 3rd tries for Home, SAFE, throw by LF to home
Batting: SHB Jun Carvajal 0-0: Called Strike
0-1: Foul Ball, location: 2F
0-2: Ball
1-2: Strikes out swinging
Top of the 9th over - 1 run, 1 hit, 0 errors, 1 left on base; Lancaster 9 - Visalia 2
BOTTOM OF THE 9TH
Visalia Rawhide batting - Pitching for Lancaster JetHawks : RHP Eddie Julien
Batting: LHB Landon Berrey 0-0: Ball
1-0: Fly out, F9 (Flyball, 9, EV 86.9 MPH)
Pinch Hitting: LHB Gator Goforth 0-0: Foul Ball, location: 2F
0-1: Called Strike
0-2: Ball
1-2: Foul Ball, location: 2F
1-2: Foul Ball, location: 2F
1-2: Ball
2-2: Ball
3-2: Base on Balls
Pitching: RHP Jiovanni Pearlman
Batting: LHB Ashton Flower 0-0: Ball
1-0: Ball
2-0: Ball
3-0: Base on Balls
Gator Goforth to second
Batting: LHB Cole Rickman 0-0: Called Strike
0-1: Grounds out, U3 (Groundball, 3L, EV 106.2 MPH)
Gator Goforth to third
Batting: RHB Murphy Chacon 0-0: Ball
1-0: Swinging Strike
1-1: Ball
2-1: Called Strike
2-2: Strikes out swinging
Bottom of the 9th over - 0 runs, 0 hits, 0 errors, 2 left on base; Lancaster 9 - Visalia 2
Friday, April 26th , 2024 - OOTP Baseball 24.11 Build 85